 Dungeon Crawl Stone Soup version 0.23.2-11-gf996548 (webtiles) character file.

Game seed: 17323841326430785891

65 Fang the Skirmisher (level 4, -1/29 HPs)
             Began as a Gargoyle Berserker on June 5, 2019.
             Was a Believer of Trog.
             Slain by a jackal (3 damage)
             ... on level 3 of the Dungeon.
             The game lasted 00:01:55 (1780 turns).

Fang the Skirmisher (Gargoyle Berserker)            Turns: 1780, Time: 00:01:55

Health: -1/29      AC:  5    Str: 22    XL:     4   Next: 13%
Magic:  7/13       EV: 11    Int:  7    God:    Trog [**....]
Gold:   154        SH:  0    Dex:  9    Spells: 3/3 levels left

rFire    + . .     SeeInvis .   a - +0 hand axe
rCold    + . .     Gourm    +   (no shield)
rNeg     + . .     Faith    .   b - +0 animal skin
rPois    ∞         Spirit   .   (no helmet)
rElec    +         Reflect  .   l - scarf {rC+ rF+}
rCorr    .         Harm     .   (no gloves)
MR       .....                  (no boots)
Stlth    +.........             q - amulet of the gourmand
HPRegen  0.09/turn              f - ring of magical power
MPRegen  0.13/turn              (no ring)

@: heavily drained
A: negative energy resistance 1, electricity resistance, unbreathing,
petrification resistance, rot immunity, AC +3
a: Berserk, Trog's Hand, Renounce Religion


You were on level 3 of the Dungeon.
You worshipped Trog.
Trog was pleased with you.
You were not hungry.

You visited 1 branch of the dungeon, and saw 3 of its levels.

You collected 154 gold pieces.

Inventory:

Hand Weapons
 a - a +0 hand axe (weapon)
Armour
 b - a +0 animal skin (worn)
 l - a scarf of resistance (worn)
Jewellery
 f - a ring of magical power (left hand)
 q - an amulet of the gourmand (around neck)
Scrolls
 e - a scroll of fear {unknown}
 g - 3 scrolls of remove curse {unknown}
 h - a scroll of amnesia {unknown}
 n - a scroll of teleportation {unknown}
 o - a scroll of noise {unknown}
 p - a scroll of identify {unknown}
Potions
 d - a potion of heal wounds {unknown}
 i - 3 potions of mutation {unknown}
 j - 2 potions of agility {unknown}
 k - a potion of might {unknown}
 m - a potion of lignification {unknown}
 r - a potion of haste {unknown}
Comestibles
 c - 5 rations


   Skills:
 + Level 3.9(2.6) Fighting
 + Level 3.2(1.9) Axes
 + Level 3.0(1.7) Armour
 + Level 2.2(0.9) Dodging


You had 3 spell levels left.
You didn't know any spells.
Your spell library was empty.

Dungeon Overview and Level Annotations

Branches:
Dungeon (3/15)

Altars:
Uskayaw


Innate Abilities, Weirdness & Mutations

You are resistant to torment.
Your stone body is resilient. (AC +3)
You are immune to poison.
You resist negative energy. (rN+)
You are resistant to electric shocks. (rElec)
You can survive without breathing.
You are immune to petrification.
You are immune to rotting.


Message History

The jackal bites you but does no damage.
The jackal closely misses you.
You barely miss the jackal.
The jackal is lightly wounded.
The jackal barely misses you. The jackal bites you.
* * * LOW HITPOINT WARNING * * *
The jackal bites you but does no damage.
The jackal bites you but does no damage. x2
You barely miss the jackal.
The jackal is lightly wounded.
The jackal closely misses you.
You hit the jackal.
The jackal is almost dead.
The jackal bites you but does no damage.
The jackal bites you.
* * * LOW HITPOINT WARNING * * *
You barely miss the jackal.
The jackal is almost dead.
The jackal bites you.
You die...

##.## .################
#....#.#..............#
###....#.#..............#
......#.#..............#
#....#.#..............#
###....#.#..............#
.......................).
##..h..##.#...#######
#..@..##.......#
#..†.†##.......#
.........##.......#
..###.....##.......#
#.....##.#...###
#.....##.#....
......##.#...## ....####


You could see a jackal.

Vanquished Creatures
  An adder (D:2)
  3 dart slugs
  2 leopard geckos
  4 giant cockroaches
  2 goblins
  4 hobgoblins (D:1)
  4 jackals (D:3)
  6 kobolds
  2 quokkas
  A ball python (D:2)
  10 bats
  A frilled lizard (D:2)
  3 rats
43 creatures vanquished.

Notes
Turn   | Place    | Note
-------+----------+-------------------------------------------
     0 | D:1      | Fang the Gargoyle Berserker began the quest for the Orb.
     0 | D:1      | Reached XP level 1. HP: 14/14 MP: 1/1
   101 | D:1      | Reached XP level 2. HP: 19/19 MP: 2/2
   531 | D:1      | Reached XP level 3. HP: 10/23 MP: 3/3
  1026 | D:2      | Found a hide-covered altar of Uskayaw.
  1056 | D:2      | Reached ** piety under Trog
  1684 | D:3      | Reached XP level 4. HP: 26/29 MP: 4/4
  1780 | D:3      | Slain by a jackal

Skill      XL: |  1  2  3  4 |
---------------+-------------+-----
Axes           | 3 |  3.2
Dodging        | 2 |  2.2
Armour         | 3 |  3.0
Fighting       | |  3.9

Action                   |  1- 3 |  4- 6 || total
-------------------------+-------+-------++-------
Melee: Hand axe          |   153 |    18 ||   171
  Eat: Chunk             |     7 |       ||     7
Armor: Animal skin       |    70 |    34 ||   104
Dodge: Dodged            |   120 |    32 ||   152
